AoeStats
← pedrocfajardo

Arena

505932431Analyzed
3v3 RM · 21d ago on Sep 11, 2026· 48m 30s· 6 players
Game mode
Random Map
Map size
Normal (6 player)
Population
200
Speed
Normal
Resources
Standard
Victory
Conquest
Starting age
Dark Age
Ending age
Imperial Age
RankedLock teamsTeams togetherTeam positionsShared explorationLock speedFull tech treeHidden civsTurbo modeCheats
Victory
Defeat
🇨🇳 Saracens · China
798
+18
761
+16
🇸🇪 Spanish · Sweden
723
+43
🇧🇷 Italians · Brazil
787
-19
🇧🇷 Britons · Brazil
760
-27
🇧🇷 Saracens · Brazil
747
-32
drip_trpz #Grandma Peek
10:14 Feudal Age
16:22 Castle Age
22:01 Horse Collar
23:29 Husbandry
26:35 Crossbowman
35:06 Imperial Age
33:52 Forging
33:33 Fletching
33:43 Padded Archer Armor
33:50 Scale Barding Armor
33:48 Scale Mail Armor
33:51 Loom
34:01 Gold Mining
34:08 Crossbowman
36:28 Conscription
36:13 Elite Skirmisher
37:59 Double-Bit Axe
39:01 Ballistics
39:42 Chemistry
39:00 Elite Longbowman
40:32 Bodkin Arrow
40:52 Leather Archer Armor
41:13 Iron Casting
43:35 Cavalier
46:11 Bow Saw
46:05 Caravan
Ding Dong
12:05 Feudal Age
16:41 Castle Age
21:12 Double-Bit Axe
22:21 Horse Collar
25:34 Wheelbarrow
24:45 Town Watch
26:37 Heavy Plow
29:00 Hand Cart
29:17 Stone Mining
29:20 Gold Mining
29:46 Bow Saw
31:15 Ballistics
30:54 Murder Holes
31:20 Ballistics
32:13 Pikeman
32:55 Squires
35:52 Imperial Age
35:58 Elite Conquistador
36:37 Loom
37:48 Conscription
41:50 Chemistry
41:03 Fortified Wall
42:53 Hoardings
43:39 Forging
43:40 Scale Barding Armor
43:26 Fletching
43:27 Halberdier
43:57 Arson
46:14 Town Patrol
g8vachzqo5
11:36 Feudal Age
17:05 Castle Age
15:18 Double-Bit Axe
15:23 Horse Collar
19:54 Bow Saw
19:37 Gold Mining
19:38 Stone Mining
21:09 Wheelbarrow
26:59 Hand Cart
27:30 Heavy Plow
28:44 Loom
28:45 Town Watch
31:37 Imperial Age
30:35 Gold Shaft Mining
30:11 Scale Barding Armor
30:17 Forging
32:10 Chain Barding Armor
32:25 Iron Casting
31:56 Elite Mameluke
32:57 Conscription
34:29 Two-Man Saw
34:11 Plate Barding Armor
34:30 Bloodlines
35:37 Blast Furnace
35:35 Husbandry
35:45 Town Patrol
42:48 Heavy Camel Rider
42:50 Light Cavalry
pedrocfajardo
13:54 Feudal Age
14:35 Double-Bit Axe
14:43 Gold Mining
14:44 Stone Mining
15:32 Wheelbarrow
19:03 Horse Collar
25:18 Castle Age
23:33 Bloodlines
26:21 Hand Cart
28:18 Husbandry
35:15 Imperial Age
33:14 Bow Saw
33:07 Heavy Plow
34:24 Scale Barding Armor
34:30 Forging
34:35 Fortified Wall
37:13 Two-Man Saw
35:37 Heavy Camel Rider
38:08 Conscription
38:52 Caravan
39:57 Chain Barding Armor
43:05 Plate Barding Armor
43:27 Gold Shaft Mining
44:22 Town Watch
47:09 Elite Mameluke
Marksofthe
9:52 Feudal Age
11:24 Double-Bit Axe
12:52 Horse Collar
18:09 Castle Age
19:07 Bow Saw
21:07 Stone Mining
21:09 Gold Mining
23:28 Wheelbarrow
24:14 Bow Saw
24:11 Heavy Plow
26:32 Hand Cart
31:48 Pikeman
36:03 Stone Shaft Mining
36:04 Fletching
36:15 Padded Archer Armor
38:53 Imperial Age
37:35 Bodkin Arrow
37:56 Leather Archer Armor
39:03 Elite Genoese Crossbowman
39:27 Elite Genoese Crossbowman
40:28 Conscription
42:47 Chemistry
42:31 Elite Skirmisher
45:05 Pirotechnia
45:36 Conscription
45:27 Pirotechnia
46:13 Bracer
matheuscfajardo
7:39 Loom
9:34 Feudal Age
11:30 Double-Bit Axe
14:07 Gold Mining
16:17 Horse Collar
18:13 Loom
21:27 Castle Age
21:14 Stone Mining
22:36 Bow Saw
23:08 Heavy Plow
31:25 Gold Shaft Mining
33:59 Imperial Age
31:41 Fletching
32:15 Ballistics
32:33 Padded Archer Armor
32:37 Town Watch
35:02 Fortified Wall
34:49 Murder Holes
37:44 Town Patrol
38:40 Masonry
39:10 Hoardings
Connection lost

Rejoining the realm…

Still unreachable

The connection could not be restored.

Session expired

The server has moved on; the page needs a fresh start.